 Dungeon Crawl Stone Soup version 0.26-a0-639-g72c4674329 (webtiles) character file.

Game seed: 9997205860655025358

319 Colgate the Covert (level 6, -2/32 HPs)
             Began as a Vampire Enchanter on Sept 15, 2020.
             Slain by an orc
             ... wielding a cursed -1 flail
              (11 damage)
             ... on level 4 of the Dungeon.
             The game lasted 00:24:08 (4235 turns).

Colgate the Covert (Vampire Enchanter)              Turns: 4235, Time: 00:24:09

Health: -2/32      AC:  2    Str:  7    XL:     6   Next: 21%
Magic:  2/9        EV: 12    Int: 26    God:
Gold:   180        SH:  0    Dex: 14    Spells: 3/9 levels left

rFire    . . .     SeeInvis +   b - +0 halberd
rCold    + + .     Faith    .   (shield currently unavailable)
rNeg     + + +     Spirit   .   i - +0 robe
rPois    ∞         Reflect  .   (no helmet)
rElec    .         Harm     .   (no cloak)
rCorr    .         Rampage  .   (no gloves)
MR       .....                  (no boots)
Stlth    ++++++....             (no amulet)
HPRegen  0.00/turn              s - ring of flight
MPRegen  0.11/turn              w - +6 ring of intelligence

@: bloodless
A: fangs 3, see invisible, unbreathing
a: Bat Form, Revivify, Evoke Flight


You were on level 4 of the Dungeon.
You visited 1 branch of the dungeon, and saw 4 of its levels.

You collected 180 gold pieces.

Inventory:

Hand Weapons
 a - a +1 dagger of venom
 b - a +0 halberd (weapon)
 o - a +0 hunting sling
 u - a +1 dagger
Missiles
 c - 6 curare-tipped darts (quivered)
 d - 61 sling bullets
 e - 133 stones
 l - 32 poisoned darts
 n - 22 arrows
 y - 2 throwing nets
Armour
 i - a +0 robe (worn)
Magical Staves
 p - an uncursed staff of cold
Jewellery
 s - a ring of flight (left hand)
 w - a +6 ring of intelligence (right hand)
Scrolls
 j - 2 scrolls of fear {unknown}
 k - a scroll of amnesia {unknown}
 t - 2 scrolls of remove curse {unknown}
 v - 3 scrolls of identify {unknown}
Potions
 f - 5 potions of curing {unknown}
 g - a potion of haste {unknown}
 h - a potion of might {unknown}
 m - a potion of experience {unknown}
 q - a potion of stabbing {unknown}
 r - a potion of invisibility {unknown}
 x - a potion of cancellation {unknown}


   Skills:
 - Level 1.1 Short Blades
 - Level 2.1 Dodging
 + Level 10.4 Stealth
 - Level 2.0 Spellcasting
 - Level 5.0 Hexes


You had 3 spell levels left.
You knew the following spells:

 Your Spells              Type           Power        Failure   Level
a - Corona                Hex            ####...      1%          1
b - Ensorcelled Hibernat  Hex/Ice        ###...       5%          2
c - Confusing Touch       Hex            ####....     4%          3

Your spell library contained the following spells:

 Spells                   Type           Power        Failure   Level
 Slow                     Hex            ####....     1%          2
 Tukima's Dance           Hex            ####....     4%          3
 Magic Dart               Conj           #...         11%         1
 Dazzling Flash           Conj/Hex       ###...       11%         3
 Blink                    Tloc           N/A          16%         2
 Call Imp                 Summ           #.......     16%         2
 Conjure Flame            Conj/Fire      #.......     30%         3
 Mephitic Cloud           Conj/Pois/Air  #.......     30%         3


Dungeon Overview and Level Annotations

Branches:
Dungeon (4/15)
 Temple: D:4-7

Altars:


Innate Abilities, Weirdness & Mutations

You do not regenerate when monsters are visible.
You are frail without blood (-20% HP).
You can heal yourself when you bite living creatures.
You are immune to poison.
You have razor-sharp teeth.
You have supernaturally acute eyesight. (SInv)
You can survive without breathing.


Message History

The orc hits you with a +0 club.
You hit the orc.
The orc is severely wounded.
The orc hits you. The orc misses you. The orc barely misses you.
You are too injured to fight recklessly!
You hit the orc.
You kill the orc!
The orc closely misses you. The orc barely misses you.
You puncture the orc!
The orc is almost dead.
The orc misses you. The orc hits you but does no damage.
The orc hits you with a +0 club.
* * * LOW HITPOINT WARNING * * *
You completely miss the orc.
The orc is almost dead.
The orc misses you. The orc barely misses you. x2
You slash the orc!
You kill the orc!
The orc hits you with a cursed -1 flail!
You die...

## .# ##.## ..#
#...# ...##...#
........# ..
......# ...
#...#
....##..<#####
#....###@[##
#.....##o).#
.#.....##.)##
#.............#
....../....)..#
......$..#...##
##...........#
............##
8.8.8..##..##


You could see an orc.

Vanquished Creatures
  2 orc wizards (D:3)
  Terence (D:2)
  4 gnolls
  9 adders
  3 worms (D:3)
  7 dart slugs
  3 leopard geckos
  8 orcs
  5 giant cockroaches
  8 goblins
  9 hobgoblins
  5 jackals
  9 kobolds
  A quokka (D:2)
  A ball python (D:1)
  4 bats
  7 frilled lizards
  5 rats
91 creatures vanquished.

Notes
Turn   | Place    | Note
-------+----------+-------------------------------------------
     0 | D:1      | Colgate the Vampire Enchanter began the quest for the Orb.
     0 | D:1      | Reached XP level 1. HP: 13/13 MP: 3/3
    86 | D:1      | Reached skill level 5 in Stealth
   368 | D:1      | Reached XP level 2. HP: 15/15 MP: 5/5
   374 | D:1      | Learned a level 2 spell: Ensorcelled Hibernation
   375 | D:1      | Reached skill level 5 in Hexes
   677 | D:1      | Reached XP level 3. HP: 19/19 MP: 1/6
   689 | D:1      | Reached skill level 6 in Stealth
  1556 | D:1      | Learned a level 3 spell: Confusing Touch
  1590 | D:2      | Reached skill level 7 in Stealth
  1616 | D:2      | Noticed Terence
  1619 | D:2      | Killed Terence
  1619 | D:2      | Reached XP level 4. HP: 22/24 MP: 4/7
  1912 | D:2      | Reached skill level 8 in Stealth
  2280 | D:2      | Reached XP level 5. HP: 28/28 MP: 8/8
  2566 | D:3      | Reached skill level 9 in Stealth
  3432 | D:3      | Reached skill level 10 in Stealth
  3435 | D:3      | Reached XP level 6. HP: 32/32 MP: 0/9
  4235 | D:4      | Slain by an orc

Illustrated notes

Levels and vault maps discovered:
D:1:      giann_forest_graveyard, layout_basic
D:2:      minmay_chambers_of_ones, layout_basic, serial_glass, glass_columns_b,
          glass_columns_c, uniq_terence
D:3:      layout_basic, kennysheep_generic_room_11
D:4:      minmay_inner_zag, layout_cave_pools, kennysheep_little_box,
          minmay_temple_entry_drinking_statues

Skill      XL: |  1  2  3  4  5 |
---------------+----------------+-----
Stealth        | 5 7 8 10 | 10.4
Hexes          | 5 |  5.0
Short Blades   | |  1.1
Dodging        | |  2.1
Spellcasting   | |  2.0

Action                   |  1- 3 |  4- 6 || total
-------------------------+-------+-------++-------
Melee: Dagger            |    46 |    58 ||   104
       Bite              |     1 |       ||     1
       Hand axe          |     3 |     9 ||    12
       Halberd           |       |    14 ||    14
Throw: Dart              |     7 |       ||     7
 Cast: Corona            |     6 |       ||     6
       Ensorcelled Hiber |    19 |    38 ||    57
 Abil: Exsanguinate      |     1 |       ||     1
 Stab: Sleeping          |    27 |    48 ||    75
       Distracted        |       |     1 ||     1
Armor: Robe              |     9 |    10 ||    19
Dodge: Dodged            |    22 |    41 ||    63

Table legend: (Time is in decaauts)
 A = Elapsed time spent in this place.
 B = Non-inter-level travel time spent in this place.
 C = Inter-level travel time spent in this place.
 D = Time resting spent in this place.
 E = Time spent auto-exploring this place.
 F = Levels seen in this place.
 G = Mean time per level.
                   A        B        C        D        E       F      G
               +--------+--------+--------+--------+--------+-----+--------+
         Total |   4230 |   4055 |    175 |    177 |   2943 |   4 | 1057.5 |
       Dungeon |   4230 |   4055 |    175 |    177 |   2943 |   4 | 1057.5 |
               +--------+--------+--------+--------+--------+-----+--------+

Top non-repeatable levels by time:
     D:1: 1561 daAuts
     D:3: 1432 daAuts
     D:2: 1215 daAuts
     D:4: 21 daAuts
